 Dungeon Crawl Stone Soup version 0.29.1-1-gd02db6906a (webtiles) character file.

Game seed: 12088646406507104750

9828 joebiden the Nimble (level 11, -13/94 HPs)
             Began as a Demigod Conjurer on Sept 15, 2022.
             Mangled by a boulder beetle (54 damage)
             ... on level 8 of the Dungeon on Sept 16, 2022.
             The game lasted 01:15:18 (21363 turns).

joebiden the Nimble (Demigod Conjurer)             Turns: 21363, Time: 01:15:19

Health: -13/94     AC:  5    Str: 12    XL:     11   Next: 7%
Magic:  22/22      EV: 30    Int: 28    God:
Gold:   388        SH:  0    Dex: 12    Spells: 6/20 levels left

rFire   . . .      SeeInvis .   J - +3 halberd
rCold   . . .      Faith    .   (shield currently unavailable)
rNeg    . . .      Spirit   .   a - +0 robe
rPois   .          Reflect  .   t - +0 helmet
rElec   .          Harm     .   M - +0 cloak
rCorr   .          Rampage  .   w - +0 pair of gloves
Will    +....                   (no boots)
Stlth   ++........              j - amulet of the acrobat
HPRegen 0.25/turn               (no ring)
MPRegen 0.18/turn               (no ring)

@: acrobatic
A: high MP 1, forlorn, divine attributes
a: no special abilities


You were on level 8 of the Dungeon.
You visited 2 branches of the dungeon, and saw 10 of its levels.
You also visited: Ossuary.

You collected 388 gold pieces.

Inventory:

Hand Weapons
 b - a +3 short sword
 i - a +0 club
 q - a +0 dagger
 J - a +3 halberd (weapon)
Armour
 a - a +0 robe (worn)
 k - a +0 leather armour
 t - a +0 helmet (worn)
 w - a +0 pair of gloves (worn)
 L - a +2 ring mail of willpower
 M - a +0 cloak (worn)
Jewellery
 c - the ring of Zin, Twisting {rF+ rN+ Int+6}
   (You took it off a kobold brigand on level 8 of the Dungeon)

   [ring of intelligence]

   Int:       It affects your intelligence (+6).
   rF:        It protects you from fire.
   rN:        It protects you from negative energy.
 j - an amulet of the acrobat (around neck)
Wands
 z - a wand of paralysis (8)
 C - a wand of flame (11)
 G - a wand of mindburst (5)
 K - a wand of iceblast (4)
Scrolls
 l - 6 scrolls of vulnerability
 m - 2 scrolls of immolation
 r - 2 scrolls of blinking
 s - 5 scrolls of enchant armour {unknown}
 v - 4 scrolls of magic mapping
 y - a scroll of brand weapon
 B - 2 scrolls of silence {unknown}
 E - 2 scrolls of fog {unknown}
Potions
 e - 2 potions of mutation
 h - 8 potions of degeneration
 o - 3 potions of attraction
 u - 3 potions of curing
 x - 5 potions of flight
 D - a potion of haste
 H - 3 potions of lignification
 I - a potion of cancellation


   Skills:
 - Level 8.0 Fighting
 + Level 3.3 Armour
 - Level 9.0 Dodging
 - Level 3.0 Stealth
 - Level 5.0 Spellcasting
 + Level 8.8 Conjurations
 - Level 3.0 Hexes
 + Level 2.4 Translocations


You had 6 spell levels left.
You knew the following spells:

 Your Spells              Type           Power      Damage    Failure   Level
a - Magic Dart            Conj           100%       1d8       1%          1
b - Searing Ray           Conj           100%       2d8       1%          2
c - Dazzling Flash        Conj/Hex       80%        N/A       1%          3
d - Fulminant Prism       Conj/Hex       20%        3d13      6%          4
e - Iskenderun's Mystic   Conj/Tloc      38%        2d9       7%          4

Your spell library contained the following spells:

 Spells                   Type           Power      Damage    Failure   Level
 Slow                     Hex            92%        N/A       1%          1
 Iskenderun's Battlesphe  Conj           54%        2d10      4%          5
 Confusing Touch          Hex            23%        N/A       6%          3
 Summon Small Mammal      Summ           28%        N/A       7%          1
 Call Imp                 Summ           7%         N/A       10%         2
 Poisonous Vapours        Pois/Air       14%        N/A       10%         2
 Summon Guardian Golem    Hex/Summ       15%        N/A       11%         3
 Call Canine Familiar     Summ           7%         N/A       21%         3
 Vampiric Draining        Necr           7%         2d6       21%         3
 Fireball                 Conj/Fire      15%        3d8       30%         5
 Corpse Rot               Necr/Pois/Air  7%         N/A       54%         4
 Iron Shot                Conj/Erth      15%        9d4       86%         6


Dungeon Overview and Level Annotations

Branches:
Dungeon (9/15)             Temple (0/1) D:7            Lair (1/5) D:8
    Orc (0/2) D:9         Ossuary (visited)

Shops:
D:5 [

Annotations:
D:8 Grum


Innate Abilities, Weirdness & Mutations

You have an increased reservoir of magic. (+10% MP)
You shall have no god before yourself.
Your divine heritage dramatically boosts your attributes as you level up.


Message History

The hornet completely misses you. The hornet misses you.
The searing ray hits the hornet!
You kill the hornet!
The hornet's shape twists and changes as it dies.
You feel sick.
You feel sick.
You see here a shapeshifter corpse.
You feel sick.
You start resting.
You feel sick.
You are no longer poisoned.
You start resting.
HP restored.
You start resting.
Magic restored.
A boulder beetle comes into view.
Press: ? - help, v - describe, . - travel The floor.
Aiming: Paralyse
Press: ? - help, Q - select action, (/) - cycle Shift-Dir - straight line, f - boulder beetle
Aim: a boulder beetle (chance to affect: 31%)
Okay, then.
Aiming: Throw Flame
Press: ? - help, Q - select action, (/) - cycle Shift-Dir - straight line, f - boulder beetle
Aim: a boulder beetle (100% to hit)
The puff of flame hits the boulder beetle but does no damage.
The boulder beetle curls into a ball and begins rolling!
The boulder beetle hits you!!!
Ouch! That really hurt!
The boulder beetle stops rolling and uncurls.
The boulder beetle attacks as you move away!
The boulder beetle completely misses you.
Okay, then.
You feel much better. The boulder beetle bites you!!
The boulder beetle attacks as you move away!
The boulder beetle closely misses you.
The boulder beetle attacks as you move away!
The boulder beetle completely misses you.
The boulder beetle curls into a ball and begins rolling!
The boulder beetle hits you!!!
Ouch! That really hurt!
You die...

#........# ##########...###
##......## ##[.........###
.#......# #........####
.#...#..# ##......###'.
.##.##..# #.....###..##
.####...####...###..#..##
##..#..###...###...#..#.####
##......[..###.B#...#.##.#.##
###..####..#..B#@..#..#.#.#.##
..#.## #..###..#...#.##.#.#.#
..<)# #..#####...#..#.#.#.#.#
....##
#..#..####..#.##.#.#.#.##
.....#
#..##...####..#.#†#.####.
#..###
#..##.#...######.#.###... #.##
#..##.#.#...###.####...[. ###
##.##.#.#.#...'###.....># .#
#.##.#.#...####......##.


You could see a boulder beetle (rolling).

Vanquished Creatures
  A two-headed ogre (D:8)
  Pikel (D:5)
  Joseph (D:8)
  A gargoyle (D:8)
  A troll (D:8)
  A hornet (shapeshifter) (D:8)
  The ghost of turdburglar the Shield-Bearer, an amateur DsFi (D:5)
  Prince Ribbit (D:7)
  Grinder (D:3)
  A hornet (D:7)
  2 blink frogs (D:8)
  Sigmund (D:6)
  2 wyverns
  3 yaks
  Eustachio (D:5)
  A steam dragon (D:8)
  The ghost of ragingrage the Poker, an amateur DsWn of Kikubaaqudgha (D:3)
  3 water moccasins
  An acid dragon (D:8)
  4 orc warriors
  A black bear (D:8)
  3 sky beasts
  4 ogres
  3 wolves (D:7)
  A centaur (D:9)
  A lemure (D:5)
  2 elf zombies (Ossuary)
  6 kobold brigands
  6 bullfrogs
  Blork the orc (D:4)
  6 gnoll sergeants
  4 scorpions
  A necrophage (D:5)
  5 wights
  A howler monkey (D:5)
  4 bullfrog zombies (D:5)
  2 centaur zombies (D:5)
  Crazy Yiuf (D:6)
  5 hounds
  A gnoll bouda (D:9)
  4 jellies
  2 orc priests
  2 human zombies
  2 bullfrog skeletons (D:5)
  Ijyb (D:5)
  6 orc wizards
  Natasha (thrice) (D:2)
  2 iguanas (D:6)
  A killer bee zombie (D:5)
  4 mummies
  20 gnolls
  15 adders
  A river rat (D:3)
  3 white imps
  An ufetubus (D:5)
  2 adder zombies
  A worm (D:2)
  5 dart slugs
  17 orcs
  7 endoplasms
  3 giant cockroaches
  7 goblins
  13 hobgoblins
  4 jackals (D:5)
  4 quokkas
  7 ball pythons
  3 bats
  3 frilled lizards
  2 goblin zombies (Ossuary)
  8 hobgoblin zombies (Ossuary)
  A jackal zombie (Ossuary)
  16 kobolds
  12 kobold zombies (Ossuary)
  8 orc zombies (Ossuary)
  5 rats
  2 rat zombies (Ossuary)
  14 fulminant prisms
298 creatures vanquished.

Vanquished Creatures (others)
  61 fulminant prisms
  19 fungi
  20 plants
  4 withered plants (D:9)
104 creatures vanquished.

Grand Total: 402 creatures vanquished

Notes
Turn   | Place    | Note
-------+----------+-------------------------------------------
     0 | D:1      | joebiden the Demigod Conjurer began the quest for the Orb.
     0 | D:1      | Reached XP level 1. HP: 14/14 MP: 5/5
   260 | D:1      | Reached skill level 2 in Dodging
   286 | D:1      | Reached XP level 2. HP: 20/20 MP: 4/7
  1405 | D:2      | Reached XP level 3. HP: 20/26 MP: 1/8
  1796 | D:2      | Noticed Natasha
  1803 | D:2      | Killed Natasha
  1804 | D:2      | Reached XP level 4. HP: 26/33 MP: 2/10
  2006 | D:2      | Noticed Natasha
  2069 | D:2      | Killed Natasha
  2171 | D:2      | Noticed Natasha
  2178 | D:2      | Killed Natasha
  2577 | D:3      | Learned a level 2 spell: Searing Ray
  3290 | D:4      | Reached XP level 5. HP: 38/38 MP: 9/12
  3319 | D:4      | Reached skill level 3 in Dodging
  3799 | D:3      | Noticed Grinder
  3864 | D:3      | Paralysed by Grinder for 2 turns
  3891 | D:3      | Paralysed by Grinder for 4 turns
  3912 | D:3      | Killed Grinder
  3913 | D:3      | Reached skill level 5 in Conjurations
  3913 | D:3      | Reached XP level 6. HP: 26/45 MP: 5/14
  4120 | D:3      | Found a runed translucent door.
  4121 | D:3      | Noticed ragingrage's ghost (amateur DsWn)
  4276 | D:3      | Found a runed translucent door.
  4372 | D:3      | Reached skill level 4 in Dodging
  4716 | D:4      | Reached XP level 7. HP: 50/50 MP: 11/16
  4717 | D:4      | Noticed Blork the orc
  5304 | D:5      | Entered Level 5 of the Dungeon
  5342 | D:5      | Noticed Eustachio
  5346 | D:5      | Noticed Ijyb
  5677 | D:5      | Reached skill level 5 in Dodging
  6085 | D:5      | Reached skill level 6 in Dodging
  6240 | D:5      | Reached XP level 8. HP: 57/57 MP: 10/17
  6467 | D:5      | Found a runed translucent gate.
  6467 | D:5      | Found a runed translucent gate.
  6468 | D:5      | Found a runed translucent gate.
  6471 | D:5      | Noticed turdburglar's ghost (amateur DsFi)
  6494 | D:5      | Found Fatuguzi's Armour Shop.
  6621 | D:6      | Noticed Sigmund
  6713 | D:6      | Reached skill level 7 in Dodging
  6902 | D:6      | Found a sand-covered staircase.
  6909 | Ossuary  | Entered an ossuary
  7936 | D:6      | Identified a scroll of acquirement
  8295 | D:6      | Reached skill level 8 in Dodging
  8443 | D:6      | Found a runed translucent door.
  8444 | D:6      | Noticed Crazy Yiuf
  8949 | D:7      | Noticed a hornet
  8955 | D:7      | Paralysed by a hornet for 1 turns
  8957 | D:7      | Paralysed by a hornet for 2 turns
  8960 | D:7      | Killed a hornet
  8961 | D:7      | Reached XP level 9. HP: 13/62 MP: 6/18
  9205 | D:7      | Found a staircase to the Ecumenical Temple.
  9286 | D:7      | Reached skill level 9 in Dodging
  9475 | D:7      | Reached skill level 1 in Fighting
  9747 | D:7      | Noticed Prince Ribbit
  9760 | D:7      | Killed Prince Ribbit
 10024 | D:7      | Learned a level 3 spell: Dazzling Flash
 10581 | D:8      | Learned a level 4 spell: Fulminant Prism
 10740 | D:8      | Noticed Joseph
 10804 | D:8      | Reached skill level 1 in Hexes
 11263 | D:8      | Found a staircase to the Lair.
 11607 | D:9      | Found a staircase to the Orcish Mines.
 12050 | D:4      | Killed Blork the orc
 13072 | D:5      | Noticed Pikel
 13096 | D:5      | Killed Pikel
 13097 | D:5      | Reached skill level 5 in Fighting
 13097 | D:5      | Reached XP level 10. HP: 83/83 MP: 1/19
 13276 | D:5      | Paralysed by Ijyb for 4 turns
 13281 | D:5      | Killed Ijyb
 13290 | D:5      | Identified the +4 sling "Feuschumn" {flame, *Corrode Str+4
                  | SInv}
 13485 | D:5      | Killed Eustachio
 13992 | D:6      | Killed Crazy Yiuf
 14154 | D:6      | Killed Sigmund
 14300 | D:6      | Noticed a boulder beetle
 14577 | Lair:1   | Entered Level 1 of the Lair of Beasts
 15842 | D:9      | Reached skill level 1 in Armour
 16198 | D:8      | Acquired the Lessons on Assembled Attacks
 16205 | D:8      | Learned a level 4 spell: Iskenderun's Mystic Blast
 17079 | D:8      | Identified the ring of Zin, Twisting {rF+ rN+ Int+6}
 17296 | D:8      | Noticed a two-headed ogre
 17307 | D:8      | Killed a two-headed ogre
 17308 | D:8      | Reached skill level 1 in Translocations
 17563 | D:8      | Identified the ring of Zygir {rC+ Str-3 Int+2 Slay+4}
 17563 | D:8      | Noticed a centaur warrior
 18989 | D:3      | Killed ragingrage's ghost
 19232 | D:5      | Killed turdburglar's ghost
 19835 | D:8      | Paralysed by a hornet for 2 turns
 20150 | D:8      | Identified the ring "Pulef" {rCorr Str+6}
 20150 | D:8      | Noticed Grum
 20156 | D:8      | Killed Joseph
 20157 | D:8      | Reached skill level 5 in Spellcasting
 20157 | D:8      | Reached XP level 11. HP: 94/94 MP: 2/22
 21244 | D:8      | Noticed a goliath frog
 21347 | D:8      | Noticed a boulder beetle
 21363 | D:8      | Mangled by a boulder beetle

Illustrated notes

Levels and vault maps discovered:
D:1:      heliophobic_arrival_ceremonial_halls, layout_rooms
D:2:      layout_basic, shapermc_ecumenical_altar_petra, uniq_natasha
D:3:      layout_basic, ebering_ghost_sewer_f, uniq_grinder
D:4:      layout_basic, uniq_blork_the_orc
D:5:      layout_basic, lemuel_mausoleum_altar_yredelemnul,
          kennysheep_mini_moat, mainiacjoe_overflow_alcove_1,
          gammafunk_ghost_necromancy, serial_shops, nicolae_square_shop,
          uniq_ijyb, uniq_pikel, uniq_eustachio
D:6:      minmay_chambers_of_fours, layout_basic, chequers_ossuary_entry_cave,
          uniq_crazy_yiuf_cottage, uniq_sigmund
D:7:      layout_loops_cross, chequers_temple_overflow_statue_of_worship,
          minmay_temple_entry_arrows, minmay_misc_feat_ornament,
          serial_bayou_crossing, uniq_prince_ribbit1
D:8:      minmay_the_grid_triangle_9x9_rhombus_thin
          [minmay_the_grid_triangle_9x9_checkered,
          minmay_the_grid_triangle_9x9_prize_special,
          minmay_the_grid_triangle_9x9_steps,
          minmay_the_grid_triangle_9x9_zippers_horizontal], layout_cave_pods,
          mainiacjoe_overflow_two_lobes, mainiacjoe_overflow_surrounded_room,
          grunt_lair_entry_orc_guard_hut, kennysheep_generic_room_13,
          uniq_joseph, uniq_grum
D:9:      layout_grid_maze, kiku_gazebo_garden_becter,
          kennysheep_orc_monster_closet_entryway, onia_ninara_cookie
Lair:1:   layout_cave_pods, minmay_holes, grunt_megastairs_5

Skill      XL: |  1  2  3  4  5  6  7  8  9 10 11 |
---------------+----------------------------------+-----
Stealth        | 2 3 |  3.0
Dodging        | 2 3 4 6 8 9 |  9.0
Spellcasting   | 2 3 4 5 |  5.0
Conjurations   | 4 5 6 7 8 |  8.8
Fighting       | 5 8 |  8.0
Hexes          | 2 3 |  3.0
Armour         | 3 |  3.3
Translocations | 1 2 |  2.4

Action                   |  1- 3 |  4- 6 |  7- 9 | 10-12 || total
-------------------------+-------+-------+-------+-------++-------
Melee: Club              |    16 |       |       |       ||    16
       Dagger            |    13 |    31 |       |       ||    44
       Punch             |       |     1 |     4 |       ||     5
       Short sword       |       |       |   114 |    11 ||   125
       Halberd           |       |       |     2 |    22 ||    24
 Cast: Magic Dart        |    92 |   111 |   291 |   108 ||   602
       Searing Ray       |       |    13 |    66 |    48 ||   127
       Fulminant Prism   |       |       |    10 |    65 ||    75
       Dazzling Flash    |       |       |     1 |    13 ||    14
       Iskenderun's Myst |       |       |       |     2 ||     2
Evoke: Wand              |       |       |     1 |    14 ||    15
  Use: Scroll            |       |     6 |     6 |    17 ||    29
       Potion            |       |     3 |     1 |     5 ||     9
 Stab: Sleeping          |       |       |     7 |       ||     7
       Paralysed         |       |       |     8 |     1 ||     9
Armor: Robe              |     1 |       |     3 |    21 ||    25
       Leather armour    |    23 |    12 |    63 |       ||    98
Dodge: Dodged            |    25 |    28 |   223 |   232 ||   508
